Map: Eastwatch LE

Players

Infamous

  • Race: Protoss Protoss
  • League: Silver
  • Spawn Location: 7:00

Merlin - Winner!

  • Race: Protoss Protoss
  • League: Gold
  • Spawn Location: 1:00

VOD

Have the link to the VOD?

Description

Time

  • Played on: March 21, 2018, 3:46 p.m.
  • Length: 3:52
Show
View Real Time Build Order
Export as new Build Order

Infamous Protoss 

Build Orders:  

Get SALT Encoding   

  12  0:01  Probe  
  13  0:15  Probe  
  13  0:18  Pylon  
  14  0:28  Probe  
  15  0:39  Gateway  
  15  0:51  Probe (Chrono Boost)  
  16  1:00  Probe (Chrono Boost)  
  17  1:06  Probe (Chrono Boost)  
  17  1:07  Assimilator  
  18  1:18  Probe  
  19  1:26  Pylon  
  19  1:30  Cybernetics Core  
  19  1:32  Probe  
  20  1:44  Probe  
  21  1:52  Zealot (Chrono Boost)  
  23  2:13  Probe  
  24  2:16  Assimilator  
  21  2:25  Probe  
  17  2:40  Probe  
  15  2:48  Forge  
  13  2:54  Probe (Chrono Boost)  
  14  3:03  Probe (Chrono Boost)  
  15  3:19  Pylon  
  15  3:28  Photon Cannon  
  15  3:29  Photon Cannon  
  15  3:42  Photon Cannon  
Show
View Real Time Build Order
Export as new Build Order

Merlin Protoss - Winner!

Build Orders: Cannon Rush 

Get SALT Encoding   

  12  0:07  Probe  
  13  0:24  Pylon  
  13  0:46  Forge  
  13  1:26  Pylon  
  13  1:33  Pylon  
  13  1:39  Probe  
  14  1:47  Photon Cannon  
  14  1:49  Photon Cannon  
  14  1:51  Probe  
  14  1:52  Photon Cannon  
  15  1:57  Photon Cannon  
  15  2:16  Photon Cannon  
  15  2:17  Photon Cannon  
  15  2:41  Photon Cannon  
  15  2:47  Photon Cannon  
  15  2:54  Photon Cannon  
  15  3:05  Pylon  
  15  3:26  Photon Cannon  
  15  3:28  Photon Cannon  
  15  3:30  Photon Cannon  
  15  3:44  Gateway  
Tags
 
Matchup
PvP
Replay Pack
Last Remnant (2)
Spawn Locations
Cross Positions
Add a new tag
Caveats
  • Supply blocks, unpowered buildings, or Contaminate may cause inaccurate times.
  • Supply counts are checked every 10 seconds.